Map: Lightshade LE

Players

Seither - Winner!

  • Race: Terran Terran
  • League: Grandmaster

Ranger

  • Race: Protoss Protoss
  • League: Grandmaster

Event: DreamHack SC2 Masters 2021 Summer

VOD

Have the link to the VOD?

Description

Time

  • Played on: May 22, 2021, 4:22 a.m.
  • Length: 20:51

All games in this series

Show
View Real Time Build Order
Export as new Build Order

Seither Terran - Winner!

Build Orders:  

Get SALT Encoding   

  12  0:00  SCV  
  13  0:12  SCV  
  14  0:17  Supply Depot  
  14  0:24  SCV  
  15  0:38  SCV  
  15  0:40  Barracks  
  16  0:44  Refinery  
  16  0:50  SCV  
  17  1:02  SCV  
  18  1:15  SCV  
  19  1:28  Orbital Command, Marine  
  20  1:42  Command Center  
  20  1:55  SCV  
  20  1:59  Factory  
  21  2:03  Barracks Reactor  
  21  2:07  SCV  
  22  2:10  Supply Depot  
  22  2:22  SCV  
  23  2:23  Bunker  
  23  2:34  SCV  
  23  2:36  Refinery  
  24  2:41  Marine x2  
  26  2:45  Hellion  
  26  2:49  Starport  
  28  2:52  SCV  
  29  2:59  Orbital Command  
  29  3:05  Marine x2  
  31  3:08  SCV  
  32  3:18  Hellion  
  34  3:20  SCV  
  34  3:28  Marine x2  
  34  3:29  Medivac  
  38  3:40  Supply Depot  
  38  3:44  Hellion  
  38  3:48  SCV x2  
  42  3:54  Marine x2, Supply Depot  
  44  4:00  SCV x2  
  44  4:02  Starport Tech Lab  
  46  4:06  Factory Tech Lab  
  46  4:12  SCV x2  
  46  4:13  Refinery  
  46  4:14  Barracks  
  46  4:17  Marine x2  
  50  4:24  SCV x2  
  50  4:26  Raven  
  54  4:35  Marine x2  
  54  4:36  SCV x2  
  58  4:38  Supply Depot  
  58  4:48  SCV x2  
  60  4:54  Supply Depot  
  60  5:00  SCV, Siege Tank  
  60  5:01  SCV  
  60  5:04  Marine x2  
  67  5:07  Supply Depot  
  67  5:13  SCV x2  
  69  5:17  Command Center  
  65  5:24  Marine x2  
  65  5:25  SCV x2, Marauder, Stimpack  
  65  5:27  Starport Reactor  
  69  5:33  Barracks  
  69  5:34  Engineering Bay  
  69  5:39  SCV x2  
  69  5:40  Siege Tank  
  69  5:42  Refinery  
  74  5:46  Marauder  
  75  5:51  Marine x2  
  75  5:53  Engineering Bay  
  75  5:54  SCV, Supply Depot  
  75  5:55  SCV  
  78  6:07  SCV x2  
  79  6:14  Marine x2  
  79  6:15  Marauder  
  79  6:16  Siege Tank  
  85  6:20  Terran Infantry Weapons Level 1  
  81  6:29  Barracks Tech Lab  
  81  6:30  Orbital Command, Medivac  
  83  6:33  SCV x2  
  83  6:36  Supply Depot  
  83  6:39  Marauder, Marine x2  
  89  6:44  Barracks  
  89  6:45  SCV, Barracks, Supply Depot  
  90  6:50  Marauder  
  92  6:59  Marine x2  
  92  7:00  Factory Reactor  
  92  7:01  Marauder  
  96  7:02  Medivac x2  
  96  7:06  SCV x3  
  96  7:08  Supply Depot  
  103  7:14  Marauder  
  105  7:18  Supply Depot  
  105  7:20  SCV  
  105  7:21  SCV x2  
  105  7:22  Marine x2  
  110  7:28  Marauder, Combat Shield  
  110  7:29  Concussive Shells  
  112  7:33  Barracks Reactor  
  109  7:45  Marauder, Marine x2  
  109  7:49  Marauder  
  113  7:51  Orbital Command  
  113  7:57  SCV  
  113  7:58  SCV  
  110  8:02  Widow Mine x2, Medivac x2  
  110  8:07  Marauder, Marine  
  110  8:08  Marauder  
  100  8:15  SCV  
  100  8:16  SCV  
  100  8:17  Missile Turret  
  96  8:23  Marine x2  
  96  8:29  Refinery  
  89  8:47  Marauder x2, Marine x3  
  84  8:49  SCV x2  
  85  8:58  Marine x2  
  85  9:01  Widow Mine  
  89  9:05  Marine  
  90  9:11  Medivac  
  92  9:23  Marine  
  92  9:24  Marauder x3, Marine  
  85  9:26  SCV x3  
  89  9:36  Medivac  
  91  9:40  SCV x3, Supply Depot  
  91  9:41  Medivac  
  96  9:48  Marauder x2, Marine  
  96  9:52  SCV x3  
  104  10:02  Marauder, Marine  
  104  10:04  SCV, Marine x2  
  105  10:10  Marine x2  
  105  10:16  SCV x2  
  96  10:31  Marauder, Marine x2  
  96  10:32  SCV  
  91  10:44  Marine x2  
  91  10:45  Marauder  
  91  10:49  Widow Mine  
  86  10:59  Missile Turret  
  82  11:06  Widow Mine  
  82  11:09  SCV x2  
  86  11:18  Viking  
  88  11:24  Marine x3  
  91  11:26  SCV  
  91  11:27  SCV  
  92  11:44  Marauder x3, Marine x2  
  102  11:47  Widow Mine  
  102  12:00  Marine x2  
  104  12:04  SCV x3  
  104  12:05  Marauder x2  
  104  12:06  Marine  
  104  12:07  Marine  
  113  12:15  Missile Turret  
  113  12:16  SCV x2  
  113  12:19  Marine x2  
  113  12:20  SCV  
  118  12:28  SCV  
  115  12:46  Marine x2  
  115  12:47  Marauder x2  
  119  12:54  Medivac x2  
  119  12:55  Widow Mine x2  
  128  12:58  SCV x3  
  128  13:03  Supply Depot  
  128  13:08  Marine x2  
  128  13:09  Marauder x2, Marine  
  135  13:17  SCV x3  
  135  13:18  Marine x2  
  135  13:19  Supply Depot  
  134  13:35  Marine  
  134  13:36  Marauder x2, Marine  
  140  13:47  Marauder, Marine x2  
  119  13:53  Widow Mine x2  
  121  13:55  Medivac  
  121  13:56  SCV x3  
  121  13:57  Marauder  
  121  13:58  Missile Turret  
  128  14:06  Supply Depot  
  128  14:09  SCV x3  
  131  14:10  Marine x3  
  131  14:17  Widow Mine x2  
  133  14:26  Marine x2  
  133  14:27  Marauder x2  
  121  14:37  Marine x2  
  96  14:44  Marauder  
  80  14:48  Marauder, Marine  
  80  14:49  Marauder  
  73  14:53  Marine  
  73  14:55  Marine  
  73  14:58  SCV x3  
  78  15:02  Marine  
  78  15:06  Marauder, Marine  
  82  15:08  Terran Infantry Armor Level 1  
  82  15:09  Marauder  
  82  15:10  Marauder  
  82  15:11  Marine  
  87  15:19  Marine x2  
  87  15:20  Widow Mine x2  
  87  15:21  Medivac x2  
  97  15:23  SCV  
  98  15:34  Marine  
  98  15:35  Marauder x3  
  93  15:47  Marine  
  93  15:48  Marine  
  93  15:56  Marauder x3  
  93  15:57  Marine x2  
  99  15:59  Liberator x2  
  107  16:06  Widow Mine x2  
  111  16:13  Marine x2  
  111  16:16  Ghost Academy  
  113  16:19  Armory  
  113  16:23  Marine  
  113  16:24  Marauder x2  
  118  16:27  SCV x3  
  121  16:41  Marine x3  
  121  16:42  Command Center  
  123  16:55  Ghost x2  
  123  16:56  Ghost  
  129  17:06  Enhanced Shockwaves  
  129  17:07  Marine x3  
  131  17:24  Ghost  
  131  17:28  Ghost x2  
  131  17:29  Terran Infantry Weapons Level 2  
  137  17:30  Marine x3  
  137  17:31  Marine  
  139  17:40  Sensor Tower  
  139  17:41  Bunker  
  139  17:50  Marine x4  
  139  17:51  Widow Mine  
  143  17:52  Ghost  
  135  18:13  Marauder, Marine x4  
  135  18:14  Marauder  
  143  18:22  Marauder  
  142  18:31  Marine x2  
  141  18:35  Marine x3  
  141  18:36  Marauder  
  146  18:45  Marine  
  147  18:48  Marine  
  147  18:49  Marine  
  147  18:54  Marauder  
  141  19:00  Marauder, Marine x2  
  132  19:15  Marine x2  
  132  19:16  Marauder  
  131  19:30  Orbital Command  
  116  20:02  Marauder x2, Marine x4  
  116  20:03  Marauder  
  124  20:19  Marine  
  124  20:20  Marine x2  
  127  20:24  Marauder x3  
  131  20:29  Marine  
Show
View Real Time Build Order
Export as new Build Order

Ranger Protoss 

Build Orders: 1 Gate Expand, Blink Stalkers 

Get SALT Encoding   

  12  0:00  Probe  
  13  0:12  Probe  
  14  0:18  Pylon  
  14  0:24  Probe (Chrono Boost)  
  15  0:37  Probe (Chrono Boost)  
  15  0:38  Gateway  
  16  0:45  Probe (Chrono Boost)  
  16  0:46  Assimilator  
  17  0:51  Probe  
  18  1:03  Probe  
  19  1:15  Probe  
  20  1:25  Cybernetics Core  
  20  1:34  Nexus  
  20  1:39  Pylon  
  20  1:43  Probe  
  21  1:50  Assimilator  
  21  1:59  Probe, Adept (Chrono Boost)  
  22  2:04  Shield Battery  
  22  2:08  Warp Gate  
  24  2:12  Probe  
  27  2:23  Adept (Chrono Boost)  
  27  2:24  Probe  
  28  2:36  Probe  
  29  2:43  Twilight Council  
  29  2:46  Stalker  
  29  2:50  Probe x2 (Chrono Boost)  
  33  3:04  Probe (Chrono Boost)  
  33  3:05  Probe (Chrono Boost)  
  35  3:24  Blink (Chrono Boost)  
  33  3:31  Probe x2  
  35  3:36  Gateway  
  35  3:38  Gateway  
  35  3:39  Robotics Facility  
  35  3:41  Shield Battery  
  33  3:43  Probe x2  
  35  3:50  Shield Battery  
  35  3:55  Probe x2  
  37  3:58  Gateway  
  37  4:02  Stalker  
  39  4:07  Probe x2  
  39  4:09  Pylon  
  41  4:16  Assimilator  
  41  4:19  Probe x2  
  42  4:27  Observer  
  42  4:30  Stalker  
  45  4:31  Probe x2, Pylon  
  45  4:33  Stalker  
  49  4:39  Pylon  
  49  4:43  Probe  
  49  4:44  Stalker  
  50  4:50  Warp Prism (Chrono Boost)  
  52  4:56  Stalker  
  52  4:59  Stalker  
  56  5:03  Pylon  
  56  5:06  Stalker  
  58  5:14  Stalker  
  60  5:23  Pylon  
  59  5:28  Stalker  
  59  5:29  Stalker  
  59  5:32  Observer (Chrono Boost)  
  59  5:35  Stalker  
  66  5:37  Stalker  
  66  5:42  Pylon  
  68  5:51  Stalker  
  68  5:52  Stalker  
  70  6:14  Stalker  
  70  6:15  Stalker x3  
  68  6:29  Probe  
  68  6:31  Assimilator, Immortal (Chrono Boost)  
  69  6:33  Dark Shrine  
  73  6:46  Probe x2  
  75  6:48  Stalker x2  
  75  6:49  Zealot x2  
  83  7:03  Pylon  
  83  7:05  Robotics Bay  
  83  7:08  Pylon  
  83  7:12  Pylon  
  83  7:17  Gateway  
  83  7:19  Gateway x2  
  83  7:21  Forge  
  83  7:25  Pylon  
  83  7:27  Zealot x2  
  83  7:28  Zealot  
  89  7:30  Zealot  
  91  7:41  Probe  
  91  7:42  Probe  
  89  7:54  Probe  
  89  7:57  Dark Templar x4  
  96  8:04  Disruptor (Chrono Boost)  
  90  8:21  Pylon  
  90  8:22  Shield Battery  
  86  8:30  Shield Battery  
  86  8:31  Shield Battery  
  86  8:35  Pylon  
  86  8:37  Stalker x3  
  86  8:38  Stalker  
  77  8:45  Probe (Chrono Boost)  
  77  8:46  Probe (Chrono Boost)  
  74  8:55  Probe x2 (Chrono Boost)  
  74  9:00  Probe (Chrono Boost)  
  75  9:03  Sentry x2  
  75  9:04  Sentry  
  75  9:08  Sentry  
  83  9:30  Nexus  
  83  9:33  Dark Templar  
  83  9:34  Zealot  
  83  9:37  Protoss Ground Weapons Level 1 (Chrono Boost)  
  87  9:45  Pylon  
  87  9:56  Dark Templar  
  87  9:57  Dark Templar  
  91  10:00  Zealot  
  93  10:10  Disruptor (Chrono Boost)  
  96  10:14  Probe x2  
  94  10:26  Probe  
  88  10:31  Colossus (Chrono Boost)  
  86  10:36  Stalker x3  
  86  10:38  Disruptor (Chrono Boost)  
  81  10:55  Dark Templar  
  79  10:59  Probe x3  
  78  11:06  Charge (Chrono Boost)  
  78  11:08  Disruptor (Chrono Boost)  
  78  11:09  Zealot x3  
  86  11:12  Probe (Chrono Boost)  
  86  11:13  Probe (Chrono Boost)  
  89  11:21  Dark Templar  
  89  11:22  Probe (Chrono Boost)  
  89  11:24  Probe x2 (Chrono Boost)  
  93  11:27  Probe (Chrono Boost)  
  92  11:33  Dark Templar  
  92  11:35  Probe x2  
  92  11:38  Probe  
  95  11:46  Protoss Ground Armor Level 1 (Chrono Boost)  
  95  11:47  Probe x2, Pylon, Zealot x2, Sentry  
  103  11:59  Disruptor  
  106  12:06  Robotics Facility  
  106  12:14  Nexus  
  106  12:24  Stalker x2  
  106  12:25  Stalker  
  106  12:27  Shield Battery  
  110  12:32  Stalker  
  110  12:36  Probe  
  111  12:41  Stalker  
  111  12:42  Probe x2  
  114  12:46  Disruptor (Chrono Boost), Pylon  
  117  12:55  Pylon  
  113  13:06  Disruptor (Chrono Boost)  
  113  13:12  Zealot x2, Stalker x2  
  120  13:19  Zealot x2  
  127  13:25  Zealot  
  129  13:33  Zealot x2  
  121  13:45  Zealot  
  121  13:46  Zealot x4  
  127  13:56  Dark Templar x2  
  131  14:14  Nexus  
  74  14:53  Stalker x3  
  74  14:54  Stalker x2  
  74  14:59  Sentry x2  
  88  15:02  Disruptor (Chrono Boost)  
  88  15:06  Observer (Chrono Boost)  
  92  15:13  Protoss Ground Armor Level 2 (Chrono Boost)  
  92  15:26  Zealot  
  94  15:32  Disruptor (Chrono Boost)  
  77  15:55  Disruptor (Chrono Boost)  
  77  15:56  Dark Templar  
  79  16:01  Zealot  
  79  16:02  Zealot  
  86  16:07  Zealot  
  88  16:12  Nexus  
  88  16:13  Zealot x2  
  92  16:19  Dark Templar  
  92  16:22  Stalker  
  96  16:26  Stalker  
  98  16:39  Probe  
  99  16:41  Stalker x2  
  99  16:43  Stalker  
  105  17:02  Stalker x2  
  105  17:03  Stalker  
  105  17:04  Zealot  
  105  17:06  Zealot  
  115  17:16  Stalker  
  115  17:17  Photon Cannon  
  108  17:37  Probe x3  
  108  17:41  Stalker x3  
  108  17:44  Stalker  
  118  17:53  Probe x3  
  114  18:17  Stalker x5  
  116  18:25  Probe x4  
  120  18:31  Dark Templar  
  122  18:42  Zealot x2  
  122  18:43  Zealot x2  
  122  18:47  Probe  
  122  18:48  Probe x2  
  77  19:16  Disruptor (Chrono Boost)  
  74  19:27  Zealot x5  
  74  19:28  Zealot x2  
  87  19:48  Zealot x7  
  74  20:07  Pylon  
  74  20:13  Zealot x4  
  74  20:14  Zealot  
  74  20:21  Dark Templar  
Tags
 
Add a new tag
Caveats
  • Supply blocks, unpowered buildings, or Contaminate may cause inaccurate times.
  • Supply counts are checked every 10 seconds.